 Dungeon Crawl Stone Soup version 0.28.0-53-g5a82cb258f (webtiles) character file.

Game seed: 12525316231170909375

483 issech the Skirmisher (level 6, -1/56 HPs)
             Began as a Minotaur Monk on June 7, 2022.
             Succumbed to a water moccasin's poison
             ... on level 4 of the Dungeon.
             The game lasted 00:07:57 (4112 turns).

issech the Skirmisher (Minotaur Monk)               Turns: 4112, Time: 00:07:58

Health: -1/56      AC:  9    Str: 15    XL:     6   Next: 88%
Magic:  5/5        EV:  8    Int:  7    God:
Gold:   91         SH:  0    Dex: 21    Spells: 5/5 levels left

rFire   . . .      SeeInvis .   j - +2 mace (holy)
rCold   . . .      Faith    .   (no shield)
rNeg    . . .      Spirit   .   k - +0 chain mail
rPois   .          Reflect  .   (helmet restricted)
rElec   .          Harm     .   (no cloak)
rCorr   .          Rampage  .   (no gloves)
Will    .....                   (no boots)
Stlth   ..........              (no amulet)
HPRegen 0.18/turn               o - +6 ring of dexterity
MPRegen 0.09/turn               (no ring)

@: lethally poisoned (-1 -> -17)
A: horns 2, retaliatory headbutt
a: no special abilities


You were on level 4 of the Dungeon.
You visited 1 branch of the dungeon, and saw 4 of its levels.

You collected 216 gold pieces.
You spent 125 gold pieces at shops.

Inventory:

Hand Weapons
 a - a +0 hand axe
 j - a +2 mace of holy wrath (weapon)
 s - a +0 war axe
Missiles
 c - 133 stones (quivered)
 d - 4 poisoned darts
 g - 33 bolts
Armour
 b - a +0 robe
 k - a +0 chain mail (worn)
Jewellery
 o - a +6 ring of dexterity (left hand)
Scrolls
 f - 4 scrolls of teleportation {unknown}
 i - 2 scrolls of identify {unknown}
 l - a scroll of enchant armour {unknown}
 n - a scroll of enchant weapon {unknown}
 p - a scroll of vulnerability {unknown}
Potions
 e - 2 potions of flight {unknown}
 h - 2 potions of curing {unknown}
 m - a potion of cancellation {unknown}
 q - a potion of brilliance {unknown}
 r - a potion of attraction {unknown}


   Skills:
 + Level 5.2 Fighting
 + Level 5.1(5.7) Axes
 + Level 3.6(5.0) Maces & Flails
 + Level 3.7 Armour
 + Level 4.4 Dodging
 + Level 2.2 Stealth


You had 5 spell levels left.
You didn't know any spells.
Your spell library contained the following spells:

 Spells                   Type           Power      Damage    Failure   Level
 Conjure Flame            Conj/Fire      0%         6-21      100%        3
 Ignite Poison            Fire/Tmut/Pois 0%         N/A       100%        3
 Ozocubu's Armour         Ice            0%         N/A       100%        3
 Sticky Flame             Conj/Fire      0%         2d3       100%        4
 Metabolic Englaciation   Hex/Ice        0%         N/A       100%        5
 Simulacrum               Ice/Necr       0%         N/A       100%        6


Dungeon Overview and Level Annotations

Branches:
Dungeon (4/15)
 Temple: D:4-7

Altars:
Kikubaaqudgha
Makhleb
Trog

Shops:
D:3 *

Annotations:
D:3 2 transporters, countessdiamond's ghost, amateur KoBe


Innate Abilities, Weirdness & Mutations

You have a pair of horns on your head.
You reflexively headbutt those who attack you in melee.


Message History

The water moccasin bites you but does no damage.
You feel sick.
You open the door.
You feel sick. The water moccasin bites you.
The hobgoblin hits you but does no damage.
The water moccasin bites you.
The jackal bites you but does no damage.
You feel sick.
There is an open door here.
You feel sick.
You sock the water moccasin!
The water moccasin is heavily wounded.
You feel sick.
The water moccasin barely misses you. x2
You furiously retaliate!
You headbutt the water moccasin. You barely miss the water moccasin.
The water moccasin is severely wounded.
You feel sick. The water moccasin barely misses you. You furiously retaliate!
You headbutt the water moccasin. The water moccasin bites you.
You are more poisoned.
The water moccasin poisons you!
You barely miss the water moccasin.
The water moccasin is almost dead.
You feel very sick. The water moccasin closely misses you.
You furiously retaliate!
You headbutt the water moccasin. You closely miss the water moccasin.
Your headbutt misses the water moccasin.
The water moccasin is almost dead.
You feel very sick. The water moccasin bites you.
* * * LOW HITPOINT WARNING * * *
You are more poisoned.
The water moccasin poisons you! The water moccasin bites you.
* * * LOW HITPOINT WARNING * * *
You hit the water moccasin.
You kill the water moccasin!
* * * LOW HITPOINT WARNING * * *
You feel very sick.
The jackal bites you but does no damage.
You barely miss the jackal.
You die...

..## . #.#
#.##)###...##...#.... ...#
. #.##..#............#....
..##
#:#....†'.......##.>.#....
..#
#.##.#..######..##...#....
..##
#.#.#..#..#######...#....
...#
#.#...#............#....
####
#.##....#............#....
#......#............#....
####(.gh@...........#....
#...#............'....
##################....
#####


You could see a jackal and a hobgoblin.

Vanquished Creatures
  A water moccasin (D:4)
  A necrophage (D:4)
  An ogre (D:4)
  A water moccasin skeleton (D:4)
  A hound (D:4)
  2 iguanas (D:4)
  A hound skeleton (D:4)
  3 adders
  An ufetubus (D:4)
  A worm (D:4)
  An orc (D:4)
  4 ball pythons
  3 bats
  2 endoplasms
  2 giant cockroaches
  3 jackals (D:1)
  3 kobolds
  3 quokkas
  2 frilled lizards
  3 goblins
  4 rats
43 creatures vanquished.

Vanquished Creatures (others)
  2 plants (D:1)
2 creatures vanquished.

Grand Total: 45 creatures vanquished

Notes
Turn   | Place    | Note
-------+----------+-------------------------------------------
     0 | D:1      | issech the Minotaur Monk began the quest for the Orb.
     0 | D:1      | Reached XP level 1. HP: 19/19 MP: 0/0
   346 | D:1      | Reached XP level 2. HP: 18/27 MP: 1/1
  1881 | D:3      | Found a faded altar of an unknown god.
  1960 | D:3      | Reached XP level 3. HP: 29/33 MP: 2/2
  2166 | D:3      | Found Kousuogg's Assorted Antiques.
  2169 | D:3      | Bought a blackened copper ring for 125 gold pieces
  2276 | D:3      | Found a transporter.
  2280 | D:3      | Noticed countessdiamond's ghost (amateur KoBe)
  2294 | D:3      | Found a transporter.
  2639 | D:4      | Reached XP level 4. HP: 14/41 MP: 3/3
  2866 | D:4      | Found a burning altar of Makhleb.
  2867 | D:4      | Noticed a necrophage
  2870 | D:4      | Reached skill level 1 in Armour
  2873 | D:4      | Killed a necrophage
  2874 | D:4      | Reached skill level 1 in Maces & Flails
  2874 | D:4      | Reached XP level 5. HP: 43/47 MP: 4/4
  2978 | D:4      | Found a bloodstained altar of Trog.
  3078 | D:4      | Reached skill level 5 in Axes
  3116 | D:4      | Reached XP level 6. HP: 45/55 MP: 5/5
  3208 | D:4      | HP: 1/55 [ogre/+0 giant club (18)]
  3232 | D:4      | Reached skill level 5 in Fighting
  3519 | D:4      | Found an ancient bone altar of Kikubaaqudgha.
  4097 | D:4      | Noticed a water moccasin
  4111 | D:4      | Killed a water moccasin
  4111 | D:4      | HP: 2/56 [poisoned by a water moccasin]
  4112 | D:4      | Succumbed to a water moccasin's poison

Illustrated notes

Levels and vault maps discovered:
D:1:      denvon_arrival_planthouse, layout_basic
D:2:      layout_basic
D:3:      layout_basic, gammafunk_ghost_stat_death,
          nicolae_ecumenical_lake_church, serial_shops,
          nicolae_shop_behind_doors
D:4:      layout_gridville, makhleb_blood_cavern_becter, trog_butcher_becter,
          nicolae_kikubaaqudgha_miasma_corner, minmay_manual_mess

Skill      XL: |  1  2  3  4  5  6 |
---------------+-------------------+-----
Axes           | 4 5 |  5.1
Fighting       | 4 5 |  5.2
Dodging        | 4 |  4.4
Armour         | 1 2 3 |  3.7
Maces & Flails | 1 2 3 |  3.6
Stealth        | 2 |  2.2

Action                   |  1- 3 |  4- 6 || total
-------------------------+-------+-------++-------
Melee: Hand axe          |    47 |       ||    47
       Headbutt          |    13 |    11 ||    24
       Mace              |    24 |    52 ||    76
       Punch             |     2 |     1 ||     3
Armor: Robe              |    10 |       ||    10
       Chain mail        |    17 |    17 ||    34
Dodge: Dodged            |    49 |    24 ||    73
